 Dungeon Crawl Stone Soup version 0.31.0-12-g77e489cdc1 (webtiles) character file.

Game seed: 3023056835714468672

14040 Flogo the Geomancer (level 12, -26/99 HPs)
             Began as a Formicid Earth Elementalist on Feb 21, 2024.
             Was an Initiate of Gozag.
             Shot with a bolt by a yaktaur captain (38 damage)
             ... on level 11 of the Dungeon on Feb 22, 2024.
             The game lasted 00:27:29 (17229 turns).

Flogo the Geomancer (Formicid Earth Elementalist)  Turns: 17229, Time: 00:27:30

Health: -26/99     AC: 11    Str: 14    XL:     12   Next: 40%
Magic:  2/18       EV: 17    Int: 19    God:    Gozag
Gold:   437        SH:  0    Dex: 16    Spells: 11/19 levels left

rFire   . . .        z - +1 dagger (venom)
rCold   . . .        (no shield)
rNeg    . . .        i - +0 leather armour
rPois   .            (helmet unavailable)
rElec   .            o - +0 cloak
rCorr   .            f - +1 pair of gloves
SInv    +            G - +0 pair of boots
Will    +....        P - amulet "Keru Aniy" {RegenMP Dex+2}
Stlth   +++++        T - +4 ring of protection
HPRegen 0.36/turn    E - +5 ring of evasion
MPRegen 0.56/turn

%: no passive effects
@: gold aura
A: permanent stasis, dig shafts and tunnels, antennae 3, four strong arms
a: Dig, Shaft Self, Renounce Religion, Potion Petition, Call Merchant, Bribe
Branch


You were on level 11 of the Dungeon.
You worshipped Gozag.
Gozag was aware of your devotion.
You visited 2 branches of the dungeon, and saw 12 of its levels.

You collected 826 gold pieces.
You spent 252 gold pieces at shops.
You paid 137 gold pieces to Gozag.


Innate Abilities, Weirdness & Mutations

You cannot be hasted, slowed, berserked, paralysed or teleported.
You can dig through walls and to a lower floor.
You have a pair of large antennae on your head. (SInv)
Your four strong arms can wield two-handed weapons with a shield.


   Skills:
 + Level 10.8 Fighting
 - Level 5.0 Short Blades
 - Level 1.7 Dodging
 - Level 12.0 Stealth
 - Level 4.0 Spellcasting
 - Level 4.0 Conjurations
 - Level 12.0 Earth Magic
 - Level 9.0 Alchemy


You had 11 spell levels left.
You knew the following spells:

 Your Spells              Type           Power      Damage    Failure   Level
p - Petrify               Alch/Erth      43%        N/A       2%          4
w - Stone Arrow           Conj/Erth      68%        3d11      1%          3
z - Sandblast             Erth           98%        2d20      1%          1

Your spell library contained the following spells:

 Spells                   Type           Power      Damage    Failure   Level
 Passwall                 Erth           49%        N/A       1%          3
 Magic Dart               Conj           76%        1d6       3%          1
 Brom's Barrelling Bould  Conj/Erth      34%        2d5       6%          4
 Foxfire                  Conj/Fire      44%        2x1d6     8%          1
 Slow                     Hex            12%        N/A       17%         1
 Call Imp                 Summ           6%         N/A       26%         2
 Jinxbite                 Hex            6%         N/A       26%         2
 Confusing Touch          Hex            3%         N/A       45%         3
 Ozocubu's Armour         Ice            3%         N/A       45%         3
 Sigil of Binding         Hex            3%         N/A       45%         3
 Tukima's Dance           Hex            3%         N/A       45%         3
 Vampiric Draining        Necr           3%         2d6       45%         3
 Yara's Violent Unravell  Hex/Alch       10%        3d6       58%         5
 Passage of Golubria      Tloc           3%         N/A       86%         4
 Metabolic Englaciation   Hex/Ice        1%         N/A       99%         5
 Sculpt Simulacrum        Ice/Alch       10%        N/A       99%         6
 Plasma Beam              Fire/Air       1%         2x1d11    100%        6
 Starburst                Conj/Fire      5%         6d4       100%        6
 Enfeeble                 Hex            1%         N/A       100%        7
 Blink                    Tloc           Unusable   N/A       N/A         2

Inventory:

Hand Weapons
 z - a +1 dagger of venom (weapon)
 K - the +1 rapier of the Empty Page {drain, Dex+3}
   (You found it on level 8 of the Dungeon)

   Dex+3:     It affects your dexterity (+3).
Missiles
 s - 7 curare-tipped darts {=f}
 w - 2 throwing nets {=f}
Armour
 f - a +1 pair of gloves (worn)
 i - a +0 leather armour (worn)
 o - a +0 cloak (worn)
 G - a +0 pair of boots (worn)
 H - a scarf of repulsion
 S - a +0 kite shield
Magical Staves
 p - a staff of death {!a}
Jewellery
 c - a ring of ice
 t - a +4 ring of protection
 C - a ring of ice
 D - a +6 ring of dexterity
 E - a +5 ring of evasion (right hand)
 M - a ring of magical power
 P - the amulet "Keru Aniy" (around neck) {RegenMP Dex+2}
   (You found it on level 8 of the Dungeon)

   [amulet of magic regeneration]

   RegenMP:   It increases your rate of magic regeneration.
   Dex+2:     It affects your dexterity (+2).
 T - a +4 ring of protection (left hand)
 W - a ring of willpower
Wands
 a - a wand of iceblast (6)
 r - a wand of paralysis (10)
 F - a wand of polymorph (17)
 Q - a wand of flame (13)
 X - a wand of digging (4)
Scrolls
 g - 2 scrolls of fear
 h - 2 scrolls of enchant armour
 n - a scroll of noise
 x - 2 scrolls of fog {unknown}
 y - 2 scrolls of revelation {unknown}
 A - a scroll of immolation {unknown}
 I - a scroll of enchant weapon {unknown}
 N - a scroll of torment {unknown}
 U - a scroll of vulnerability {unknown}
 V - a scroll of identify {@r1}
Potions
 b - a potion of magic
 d - 3 potions of haste {unknown}
 e - 2 potions of enlightenment
 j - 5 potions of heal wounds {@q2}
 k - a potion of cancellation {unknown}
 l - a potion of resistance {unknown}
 m - a potion of brilliance {unknown}
 q - 3 potions of mutation {unknown}
 u - 2 potions of lignification {unknown}
 v - 2 potions of degeneration
 B - 4 potions of curing {unknown}
 R - a potion of attraction {unknown}
Miscellaneous
 J - a lightning rod (4/4)
 L - a box of beasts
 O - a tin of tremorstones (2/2)

Dungeon Overview and Level Annotations

Branches:
Dungeon (11/15)            Temple (1/1) D:4            Lair (0/5) D:9
    Orc: D:9-12

Altars:
Ashenzari
Cheibriados
Dithmenos
Elyvilon
Fedhas
Gozag
Hepliaklqana
Kikubaaqudgha
Makhleb
Nemelex Xobeh
Okawaru
Qazlal
Ru
Sif Muna
Trog
Uskayaw
Vehumet
Wu Jian
Xom
Yredelemnul
Zin
The Shining One

Shops:
D:1 [ D:8

:
..≈≈≈.8..8.≈≈≈#
##≈≈8░░''░░8≈≈#
#≈≈≈░░....░░≈≈≈
#≈≈░░......░ ≈≈
#≈≈░..░░░░..░ ≈
#≈≈#..░!"░..#≈
#≈≈#.$░[[░ .#≈≈
#≈{░..░'░░..░≈≈
#≈≈░░@($...░ ≈≈
#.≈ ░░.c..░░
##{ ░░##░░ ≈≈≈≈
≈≈≈≈≈...(......
##.............
#............!
#.............
##.###.........


You could see a yaktaur captain.


Message History

The boulder beetle is poisoned.
The boulder beetle is severely wounded.
The yaktaur captain unwields a +2 heavy hand cannon.
The yaktaur captain hits you!!
* * * LOW HITPOINT WARNING * * *
The helpless boulder beetle fails to defend itself.
You skewer the boulder beetle like a kebab!!!
You kill the boulder beetle!
The yaktaur captain hits you!!
* * * LOW HITPOINT WARNING * * *
Unknown command.
Unknown command.
The yaktaur captain wields a +2 heavy hand cannon.
The yaktaur captain shoots a bolt.
The bolt hits you!!
* * * LOW HITPOINT WARNING * * *
Casting: Petrify (dangerous; 2% risk of failure)
Confirm with . or Enter, or press ? or * to list all spells.
Aiming: Petrify (dangerous; 2% risk of failure)
Press: ? - help, Shift-Dir - straight line, f/p - yaktaur captain
Aim: a yaktaur captain, wielding a +2 heavy hand cannon (magical condensation, chance to affect: 32%)
The yaktaur captain easily resists.
Casting: Petrify (dangerous; 2% risk of failure)
Confirm with . or Enter, or press ? or * to list all spells.
Aiming: Petrify (dangerous; 2% risk of failure)
Press: ? - help, Shift-Dir - straight line, f/p - yaktaur captain
Aim: a yaktaur captain, wielding a +2 heavy hand cannon (magical condensation, chance to affect: 32%)
The yaktaur captain easily resists.
The yaktaur captain shoots a bolt.
The bolt hits you!!!
You die...
Your body crumbles into a pile of gold.

Skill      XL: |  1  2  3  4  5  6  7  8  9 10 11 12 |
---------------+-------------------------------------+-----
Fighting       | 1 2 3 5 6 8 10 | 10.8
Conjurations   | 1 3 4 |  4.0
Earth Magic    | 4 5 7 8 10 12 | 12.0
Spellcasting   | 3 4 |  4.0
Alchemy        | 4 8 9 |  9.0
Stealth        | 3 6 8 12 | 12.0
Short Blades   | 3 5 |  5.0
Dodging        | |  1.7

Action                     |  1- 3 |  4- 6 |  7- 9 | 10-12 || total
---------------------------+-------+-------+-------+-------++-------
  Melee: Short sword       |    78 |   216 |   144 |       ||   438
         Punch             |       |     5 |     4 |    12 ||    21
         Dagger            |       |       |   156 |   632 ||   788
   Cast: Sandblast         |    17 |    13 |    19 |     5 ||    54
         Stone Arrow       |       |     6 |    71 |    20 ||    97
         Petrify           |       |       |       |    56 ||    56
Ability: Shaft Self        |       |     1 |       |       ||     1
  Evoke: Wand              |       |       |       |     1 ||     1
    Use: Scroll            |       |       |     4 |     3 ||     7
   Stab: Sleeping          |     1 |     1 |     5 |    13 ||    20
         Petrified         |       |       |       |    49 ||    49
         Petrifying        |       |       |       |    17 ||    17
 Armour: Robe              |    34 |       |       |       ||    34
         Leather armour    |    10 |   116 |   158 |   340 ||   624
  Dodge: Dodged            |    80 |   189 |   263 |   458 ||   990

Levels and vault maps discovered:
D:1:      co_arrival_square_in_a_square_in_a_square, layout_rooms, serial_shops,
          nicolae_shop_hallway_plus, feat_on_display
D:2:      layout_loops_ring, serial_glass, glass_columns_a, glass_columns_a,
          glass_columns_b, glass_columns_b, basic_altar
D:3:      layout_basic, hellmonk_ecumenical_altar_arch_garden,
          portal_sewer_entry_e, hex_tiny, minmay_randomly_rotated_circles,
          uniq_terence, uniq_sigmund, uniq_natasha
D:4:      kb_forest_paths, layout_basic
D:5:      wander_river, layout_rooms
D:6:      layout_basic, grunt_temple_overflow_open
D:7:      layout_rooms, glass_columns_b
D:8:      layout_basic, enter_bailey_4, serial_shops, shop, minmay_the_grid_2x2
          [minmay_the_grid_odd_star, minmay_the_grid_rooms,
          minmay_the_grid_aliased_spiral,
          minmay_the_grid_prize_four_corners_diamond_a]
D:9:      layout_roguey, nicolae_overflow_hallway_of_the_gods
D:10:     layout_layer_cave, mainiacjoe_overflow_alcove_2,
          kennysheep_generic_room_9
D:11:     layout_cave_pools, orc_0_dummy, kennysheep_island_fort
Temple:   nicolae_temple_bog_church

Notes
Turn   | Place    | Note
-------+----------+-------------------------------------------
     0 | D:1      | Flogo the Formicid Earth Elementalist began the quest for
                  | the Orb.
     0 | D:1      | Reached XP level 1. HP: 13/13 MP: 3/3
   133 | D:1      | Reached skill level 1 in Fighting
   210 | D:1      | Reached XP level 2. HP: 14/22 MP: 5/5
   214 | D:1      | Reached skill level 2 in Fighting
   579 | D:1      | Reached XP level 3. HP: 27/28 MP: 6/6
   694 | D:1      | Found Gadghof's Antique Armour Shoppe.
   819 | D:2      | Reached skill level 3 in Fighting
   941 | D:2      | Learned a level 3 spell: Stone Arrow
  1191 | D:2      | Reached skill level 1 in Conjurations
  1490 | D:2      | Reached XP level 4. HP: 35/35 MP: 7/7
  1672 | D:2      | Found a bloodstained altar of Trog.
  1735 | D:2      | Reached skill level 2 in Conjurations
  2078 | D:3      | Reached skill level 4 in Earth Magic
  2100 | D:3      | Noticed Terence
  2134 | D:3      | You fall into a shaft and drop 1 floor!
  2357 | D:4      | Noticed a phantom
  2412 | D:4      | Killed a phantom
  2413 | D:4      | Reached skill level 3 in Conjurations
  2413 | D:4      | Reached XP level 5. HP: 39/41 MP: 8/8
  2701 | D:4      | Reached skill level 5 in Earth Magic
  2714 | D:4      | Reached XP level 6. HP: 19/47 MP: 5/9
  2847 | D:4      | Noticed a water moccasin
  2849 | D:4      | Killed a water moccasin
  2850 | D:4      | Reached skill level 6 in Earth Magic
  3329 | D:3      | Killed Terence
  3330 | D:3      | Reached skill level 7 in Earth Magic
  3330 | D:3      | Reached XP level 7. HP: 52/52 MP: 0/10
  3535 | D:3      | Found a faded altar of an unknown god.
  3933 | D:3      | Reached skill level 4 in Conjurations
  4326 | D:3      | Noticed Natasha
  4328 | D:3      | Killed Natasha
  4501 | D:3      | Noticed Sigmund
  4506 | D:3      | Killed Sigmund
  4507 | D:3      | Reached skill level 5 in Fighting
  4701 | D:4      | Reached XP level 8. HP: 60/62 MP: 4/11
  4993 | D:4      | Found a staircase to the Ecumenical Temple.
  5005 | Temple   | Entered the Ecumenical Temple
  5251 | D:4      | Reached skill level 8 in Earth Magic
  5627 | D:5      | Entered Level 5 of the Dungeon
  5691 | D:4      | Reached skill level 3 in Spellcasting
  6211 | D:5      | Learned a level 4 spell: Petrify
  6317 | D:5      | Reached skill level 1 in Alchemy
  6395 | D:5      | Reached skill level 6 in Fighting
  6454 | D:5      | Reached skill level 2 in Alchemy
  6486 | D:5      | Reached skill level 3 in Alchemy
  6592 | D:5      | Reached skill level 4 in Alchemy
  6592 | D:5      | Reached skill level 3 in Stealth
  7214 | D:5      | Reached XP level 9. HP: 69/69 MP: 6/13
  7408 | D:6      | Reached skill level 4 in Stealth
  7471 | D:6      | Reached skill level 5 in Alchemy
  7823 | D:6      | Reached skill level 5 in Stealth
  8050 | D:6      | Found a hazy altar of Hepliaklqana.
  8050 | D:6      | Found a radiant altar of Vehumet.
  8084 | D:6      | Reached skill level 6 in Alchemy
  8085 | D:6      | Reached skill level 6 in Stealth
  8266 | D:6      | Reached skill level 1 in Short Blades
  8431 | D:6      | Reached skill level 2 in Short Blades
  8667 | D:6      | Reached skill level 3 in Short Blades
  9370 | D:7      | Reached skill level 7 in Alchemy
  9413 | D:7      | Identified the +3 ring mail of Stained Salvation {Stlth+}
 10249 | D:8      | Reached skill level 8 in Alchemy
 10292 | D:8      | Found Simos's Book Shoppe.
 10469 | D:8      | Reached XP level 10. HP: 77/77 MP: 2/14
 10833 | D:8      | Reached skill level 4 in Short Blades
 10833 | D:8      | Reached skill level 7 in Stealth
 10873 | D:7      | Reached skill level 7 in Fighting
 11522 | D:7      | Reached skill level 8 in Stealth
 11522 | D:7      | Reached skill level 9 in Earth Magic
 11702 | D:7      | Reached skill level 5 in Short Blades
 12067 | D:8      | Noticed a two-headed ogre
 12077 | D:8      | Killed a two-headed ogre
 12078 | D:8      | Reached skill level 8 in Fighting
 12078 | D:8      | Reached skill level 10 in Earth Magic
 12084 | D:8      | Reached XP level 11. HP: 62/86 MP: 3/15
 12532 | D:8      | Noticed a cyclops
 12553 | D:8      | Killed a cyclops
 12554 | D:8      | Reached skill level 9 in Stealth
 12554 | D:8      | Reached skill level 11 in Earth Magic
 12555 | D:8      | Identified the +1 rapier of the Empty Page {drain, Dex+3}
 12649 | D:8      | Noticed a centaur warrior
 12650 | D:8      | Noticed a manticore
 12652 | D:8      | Killed a manticore
 12655 | D:8      | Killed a centaur warrior
 12656 | D:8      | Reached skill level 10 in Stealth
 12656 | D:8      | Identified the amulet "Keru Aniy" {RegenMP Dex+2}
 12736 | D:8      | Reached skill level 12 in Earth Magic
 13319 | D:9      | Reached skill level 11 in Stealth
 13459 | D:9      | Found a staircase to the Lair.
 13987 | D:9      | Reached skill level 12 in Stealth
 14337 | D:9      | Found a glowing golden altar of the Shining One.
 14463 | D:9      | Found a hide-covered altar of Uskayaw.
 14467 | D:9      | Found a basalt altar of Yredelemnul.
 14468 | D:9      | Found a stormy altar of Qazlal.
 14471 | D:9      | Found a burning altar of Makhleb.
 14472 | D:9      | Found an opulent altar of Gozag.
 14475 | D:9      | Found a snail-covered altar of Cheibriados.
 14477 | D:9      | Found a sacrificial altar of Ru.
 14490 | D:9      | Became a worshipper of Gozag Ym Sagoz the Greedy
 14752 | D:1      | Bought a faintly humming ring mail for 252 gold pieces
 14752 | D:1      | Identified the +0 ring mail of Resourcefulness {rPois rF-
                  | Str+6} (You bought it in a shop on level 1 of the Dungeon)
 14880 | D:10     | Entered Level 10 of the Dungeon
 14903 | D:10     | Reached skill level 9 in Alchemy
 15061 | D:10     | Reached skill level 4 in Spellcasting
 15061 | D:10     | Reached XP level 12. HP: 91/92 MP: 15/18
 15335 | D:10     | Reached skill level 9 in Fighting
 16170 | D:10     | Found a white marble altar of Elyvilon.
 16588 | D:10     | Reached skill level 10 in Fighting
 16925 | D:11     | Noticed a two-headed ogre
 17219 | D:11     | Noticed a yaktaur captain
 17220 | D:11     | Noticed a boulder beetle
 17226 | D:11     | Killed a boulder beetle
 17229 | D:11     | Shot with a bolt by a yaktaur captain

Vanquished Creatures
  A centaur warrior (D:8)
  A boulder beetle (D:11)
  A two-headed ogre (D:8)
  A manticore (D:11)
  A cyclops (D:8)
  A manticore (shapeshifter) (D:8)
  A kobold demonologist (D:10)
  An unseen horror (D:10)
  A komodo dragon (D:10)
  3 hornets
  A vampire (D:9)
  Sigmund (D:3)
  5 slime creatures
  22 yaks
  A wraith (D:9)
  2 wyverns
  An acid dragon (D:8)
  3 orc warriors
  2 water moccasins
  2 black bears
  An ice beast (D:6)
  A sky beast (D:8)
  9 centaurs
  4 ogres
  4 phantoms
  3 kobold brigands
  4 scorpions
  3 bullfrogs
  2 gnoll sergeants (D:9)
  5 wights
  6 killer bees (D:10)
  5 howler monkeys
  An electric eel (D:11)
  2 bombardier beetles (D:5)
  5 jellies
  A hound (D:6)
  4 orc priests
  5 iguanas
  Terence (D:3)
  9 orc wizards
  2 sleepcaps
  Natasha (D:3)
  3 adders
  9 gnolls
  2 river rats (D:3)
  A shadow imp (D:7)
  2 white imps
  2 ufetubi (D:6)
  2 ribbon worms
  3 dart slugs
  23 orcs
  5 bats
  4 endoplasms
  5 giant cockroaches
  12 goblins
  5 hobgoblins
  4 jackals (D:3)
  3 quokkas
  10 ball pythons
  4 frilled lizards
  15 kobolds
  10 rats
254 creatures vanquished.

Vanquished Creatures (others)
  A centaur (D:11)
1 creature vanquished.

Grand Total: 255 creatures vanquished

Table legend: (Time is in decaauts)
 A = Elapsed time spent in this place.
 B = Non-inter-level travel time spent in this place.
 C = Inter-level travel time spent in this place.
 D = Time resting spent in this place.
 E = Time spent auto-exploring this place.
 F = Levels seen in this place.
 G = Mean time per level.
                   A        B        C        D        E       F      G
               +--------+--------+--------+--------+--------+-----+--------+
         Total |  17127 |  16523 |    604 |   7494 |   6524 |  12 | 1427.2 |
       Dungeon |  17125 |  16521 |    604 |   7494 |   6524 |  11 | 1556.8 |
        Temple |      1 |      1 |      0 |      0 |      0 |   1 |    1.0 |
               +--------+--------+--------+--------+--------+-----+--------+

Top non-repeatable levels by time:
    D:10: 2253 daAuts
     D:4: 2245 daAuts
     D:7: 2140 daAuts
     D:6: 2001 daAuts
     D:3: 1862 daAuts
     D:8: 1721 daAuts
     D:5: 1476 daAuts
     D:9: 1448 daAuts
     D:2: 1096 daAuts
     D:1: 828 daAuts
    D:11: 50 daAuts
  Temple: 1 daAuts

Table legend:
 A = Non-vault XP
 B = Vault XP
 C = Vault XP percentage of total XP
 D = Non-vault monster count
 E = Vault monster count
 F = Vault count percentage of total count
                 A         B        C        D         E       F
            +---------+---------+-------+---------+---------+-------
      Total |   13728 |    6330 |  31.6 |     204 |      51 |  20.0
            +---------+---------+-------+---------+---------+-------
        D:1 |      34 |       0 |   0.0 |      19 |       0 |   0.0
        D:2 |      45 |       0 |   0.0 |      18 |       0 |   0.0
        D:3 |     136 |     369 |  73.1 |      13 |      21 |  61.8
        D:4 |     654 |     166 |  20.2 |      22 |       6 |  21.4
        D:5 |     630 |       0 |   0.0 |      14 |       0 |   0.0
        D:6 |    1154 |       0 |   0.0 |      20 |       0 |   0.0
        D:7 |    1222 |     775 |  38.8 |      14 |       4 |  22.2
        D:8 |    3214 |    3680 |  53.4 |      20 |      18 |  47.4
        D:9 |    2606 |       0 |   0.0 |      33 |       0 |   0.0
       D:10 |    3858 |       0 |   0.0 |      28 |       0 |   0.0
       D:11 |     175 |    1340 |  88.4 |       3 |       2 |  40.0
            +---------+---------+-------+---------+---------+-------
